[Event "Titled Tuesday Blitz May 4 2021"]
[White "Markidis, Konstantinos"]
[Black "Niyazgulova, Marina"]
[WhiteFideId "4203500"]
[BlackFideId "24142573"]
[WhiteElo "2304"]
[BlackElo "2087"]
[Result "1/2-1/2"]
[Round "02"]
[TimeControl "180+1"]
[Date "2021.05.04"]
[WhiteClock "0:00:21"]
[BlackClock "0:00:18"]

1. e4 d5 2. exd5 Qxd5 3. Nc3 Qd6 4. d4 Nf6 5. Nf3 c6 6. h3 Bf5 7. Ne5 Nbd7 8. Nc4 Qc7 9. Qf3 Be6 10. Bf4 Qd8 11. O-O-O Nb6 12. Ne5 Nbd5 13. Bd2 g6 14. Bc4 Bg7 15. g4 Nd7 16. Rhe1 Nxe5 17. dxe5 Nxc3 18. Bxc3 Qc8 19. Qe4 Bxc4 20. Qxc4 Qe6 21. Qxe6 fxe6 22. f4 Rd8 23. g5 O-O 24. Rxd8 Rxd8 25. Rd1 Rxd1+ 26. Kxd1 Kf8 27. a4 b6 28. Kd2 Ke8 29. Kd3 Kd7 30. Kc4 Kc7 31. Bd4 Kb7 32. Be3 h5 33. h4 Bf8 34. Kb4 Bg7 35. a5 Bf8 36. axb6 axb6 37. c4 Bg7 38. c5 b5 39. Ka5 Bf8 40. Bd4 Bg7 41. Kb4 Bf8 42. Kc3 Bg7 43. Kd3 Bf8 44. Bc3 Bg7 45. Ba5 Kc8 46. Kc3 Bf8 47. Bb6 Kb7 48. Kb4 Ka6 49. Bd8 Kb7 50. Ka5 Ka7 51. Bc7 Kb7 52. Bb6 Bg7 53. Bd8 Bf8 54. Bb6 Bg7 55. b3 Bf8 56. Kb4 Bg7 57. Ka5 Bf8 58. Kb4 Bg7 59. Ka5 1/2-1/2


[Site "https://www.chess.com"]

[Event "Titled Tuesday Blitz May 4 2021"]
[White "Martinez Alcantara, Jose Eduardo"]
[Black "Kis, Lorand Bela"]
[WhiteFideId "3805662"]
[BlackFideId "2024098"]
[WhiteElo "2690"]
[BlackElo "2085"]
[Result "1-0"]
[Round "02"]
[TimeControl "180+1"]
[Date "2021.05.04"]
[WhiteClock "0:01:35"]
[BlackClock "0:00:35"]

1. e4 e5 2. Nf3 Nc6 3. Bb5 a6 4. Ba4 Nf6 5. d3 b5 6. Bb3 Be7 7. a4 b4 8. a5 O-O 9. Nbd2 d6 10. O-O Be6 11. c3 Bxb3 12. Nxb3 Rb8 13. Qc2 Re8 14. Bd2 bxc3 15. Bxc3 Nb4 16. Bxb4 Rxb4 17. Nbd2 c5 18. Nc4 Qd7 19. Nfd2 Reb8 20. Nb6 Qc6 21. Ndc4 Bd8 22. f4 exf4 23. Rxf4 Nd7 24. Nd5 R4b5 25. Raf1 f6 26. g4 Ne5 27. g5 Nxc4 28. Qxc4 Kh8 29. gxf6 Bxf6 30. b4 Bd4+ 31. Kh1 h6 32. Ne7 Qe8 33. Rf8+ Qxf8 34. Rxf8+ Rxf8 35. Ng6+ 1-0


[Site "https://www.chess.com"]

[Event "Titled Tuesday Blitz May 4 2021"]
[White "Martinez Lopez, David"]
[Black "Korchmar, Vasiliy"]
[WhiteFideId "22235779"]
[BlackFideId "24131750"]
[WhiteElo "2357"]
[BlackElo "2370"]
[Result "1-0"]
[Round "02"]
[TimeControl "180+1"]
[Date "2021.05.04"]
[WhiteClock "0:00:48"]
[BlackClock "0:01:34"]

1. e4 c5 2. Nf3 d6 3. d4 cxd4 4. Nxd4 Nf6 5. Nc3 Nc6 6. Be2 e5 7. Nf3 h6 8. h3 Be7 9. O-O O-O 10. Re1 Be6 11. Bf1 Rc8 12. b3 Nb4 13. Bb2 d5 14. exd5 Nfxd5 15. Nxd5 Bxd5 16. c3 Bxf3 17. Qxd8 Rfxd8 18. cxb4 Bd5 19. Bxe5 Bxb4 20. Red1 f6 21. Bd4 a6 22. Be3 Bf7 23. Bd3 Bc3 24. Rac1 Bb2 25. Rxc8 Rxc8 26. Be4 b5 27. Bb7 Rc2 28. Rd8+ Kh7 29. Be4+ Bg6 30. Bxc2 Bxc2 31. Rd2 1-0


[Site "https://www.chess.com"]

[Event "Titled Tuesday Blitz May 4 2021"]
[White "Martirosyan, Haik M."]
[Black "Heinemann, Josefine"]
[WhiteFideId "13306553"]
[BlackFideId "12900460"]
[WhiteElo "2597"]
[BlackElo "2300"]
[Result "1-0"]
[Round "02"]
[TimeControl "180+1"]
[Date "2021.05.04"]
[WhiteClock "0:00:18"]
[BlackClock "0:00:07"]

1. c4 c5 2. g3 Nc6 3. Bg2 g6 4. Nc3 Bg7 5. d3 d6 6. Qd2 Nf6 7. b3 O-O 8. Bb2 Rb8 9. h4 h5 10. Nh3 Bd7 11. Nf4 a6 12. Ncd5 b5 13. Nxf6+ Bxf6 14. Bxf6 exf6 15. O-O Ne7 16. Rac1 Bc6 17. d4 Bxg2 18. Kxg2 Nf5 19. dxc5 dxc5 20. Qxd8 Rfxd8 21. cxb5 axb5 22. Rxc5 Rd2 23. a4 bxa4 24. bxa4 Ra2 25. Nxh5 Nxh4+ 26. gxh4 gxh5 27. Rxh5 Rxa4 28. Kf3 Rbb4 29. Rg1+ Kf8 30. Rh1 Rf4+ 31. Kg3 Rg4+ 32. Kh3 Rge4 33. e3 Reb4 34. Kg3 Rg4+ 35. Kf3 Rgb4 36. Rh2 Rc4 37. Kg3 Rg4+ 38. Kh3 Rgb4 39. Rg2 Rc4 40. Rh8+ Ke7 41. Rh7 Kf8 42. Rg3 Rcb4 43. h5 Rh4+ 44. Kg2 Ra5 45. Rh8+ Ke7 46. Rgg8 Rg5+ 47. Rxg5 fxg5 48. Kg3 f5 49. h6 Kf7 50. h7 Kg7 51. Rg8+ Kxh7 52. Rxg5 Ra4 53. Rxf5 Kg6 54. Rf4 Ra5 55. Kf3 Kg5 56. Rg4+ Kf5 57. e4+ Kf6 58. Kf4 Ra2 59. f3 Ra3 60. Rh4 Kg6 61. Rh8 Kg7 62. Rc8 Kg6 63. Rc6+ Kf7 64. e5 Rb3 65. Ke4 Rb4+ 66. Kf5 Rb3 67. Rc7+ Ke8 68. f4 1-0


[Site "https://www.chess.com"]

[Event "Titled Tuesday Blitz May 4 2021"]
[White "Matinian, Nikita"]
[Black "Napoli, Nicolo"]
[WhiteFideId "24129100"]
[BlackFideId "813702"]
[WhiteElo "2410"]
[BlackElo "2330"]
[Result "1-0"]
[Round "02"]
[TimeControl "180+1"]
[Date "2021.05.04"]
[WhiteClock "0:00:08"]
[BlackClock "0:00:08"]

1. Nf3 g6 2. e4 Bg7 3. d4 c6 4. Nc3 d5 5. h3 Nh6 6. e5 f6 7. Bd3 Nf7 8. Bf4 O-O 9. Qd2 fxe5 10. Nxe5 Nxe5 11. Bxe5 Bxe5 12. dxe5 Bf5 13. Bxf5 Rxf5 14. f4 e6 15. O-O-O Nd7 16. g4 Rf7 17. h4 Qf8 18. Ne2 Nc5 19. h5 Ne4 20. Qe3 g5 21. f5 exf5 22. e6 Rf6 23. gxf5 Re8 24. Nd4 c5 25. Nb5 Rxf5 26. Nc7 Rf3 27. Qe2 Rf2 28. Qb5 Re7 29. Nxd5 Rxe6 30. Qxb7 Kh8 31. h6 Rxh6 32. Rxh6 Qxh6 33. Qb8+ Rf8 34. Qe5+ Qg7 35. Qxe4 Qf7 36. Qe5+ Kg8 37. Ne7+ Qxe7 38. Qxe7 Rf7 39. Rd8+ Kg7 40. Qxg5# 1-0


[Site "https://www.chess.com"]

[Event "Titled Tuesday Blitz May 4 2021"]
[White "Matthiesen, Martin"]
[Black "Sikorova, Olga"]
[WhiteFideId "1404067"]
[BlackFideId "307033"]
[WhiteElo "2337"]
[BlackElo "2188"]
[Result "1-0"]
[Round "02"]
[TimeControl "180+1"]
[Date "2021.05.04"]
[WhiteClock "0:00:06"]
[BlackClock "0:00:01"]

1. d4 Nf6 2. c4 g6 3. Nc3 Bg7 4. e4 O-O 5. Nf3 d6 6. Be2 e5 7. Be3 Ng4 8. Bg5 f6 9. Bc1 Nc6 10. d5 Ne7 11. h3 Nh6 12. Be3 f5 13. g3 f4 14. gxf4 exf4 15. Bd4 Nf7 16. Bxg7 Kxg7 17. Qd4+ Kg8 18. O-O-O a6 19. h4 Bg4 20. Ng5 Bd7 21. Rdg1 Ne5 22. Nf3 c5 23. dxc6 N7xc6 24. Qd5+ Kg7 25. h5 Rf6 26. hxg6 hxg6 27. Ng5 Qg8 28. Rh7+ Qxh7 29. Nxh7 Kxh7 30. c5 Kg7 31. cxd6 Rh8 32. Na4 Rh2 33. Nc5 Rxf2 34. Bh5 f3 35. Nxd7 Nxd7 36. Qg5 Nce5 37. Kb1 Re2 38. Rf1 Rg2 39. Qh4 f2 40. Be2 Rg1 41. Qh2 Rxf1+ 42. Bxf1 Ng4 43. Qg3 Nge5 44. a3 Nc5 45. Qc3 Nxe4 46. Qxe5 Nd2+ 47. Ka2 Nxf1 48. d7 Ng3 49. d8=Q f1=Q 50. Qde7+ Kh6 51. Q7xf6 1-0


[Site "https://www.chess.com"]

[Event "Titled Tuesday Blitz May 4 2021"]
[White "Matveeva, Olga"]
[Black "Noboa Silva, Kevin"]
[WhiteFideId "24107018"]
[BlackFideId "3618471"]
[WhiteElo "2108"]
[BlackElo "2161"]
[Result "0-1"]
[Round "02"]
[TimeControl "180+1"]
[Date "2021.05.04"]
[WhiteClock "0:00:03"]
[BlackClock "0:00:18"]

1. d4 Nf6 2. c4 g6 3. g3 Bg7 4. Bg2 d5 5. cxd5 Nxd5 6. Nf3 O-O 7. O-O c5 8. dxc5 Na6 9. c6 bxc6 10. e4 Ndb4 11. Nc3 Nc5 12. Be3 Nbd3 13. Qc2 Rb8 14. Rfd1 Rxb2 15. Qxb2 Nxb2 16. Rxd8 Rxd8 17. Bxc5 Bxc3 18. Bxa7 Rd7 19. Be3 Nc4 20. Rc1 Nxe3 21. fxe3 Bb4 22. Rxc6 Bb7 23. Rc4 Ba5 24. Ne5 Rd1+ 25. Kf2 Ba6 26. Ra4 Be1+ 27. Kf3 Bb5 28. Ra8+ Kg7 29. Bh3 Rd2 30. Bc8 h5 31. g4 Rf2+ 32. Kg3 Rxa2+ 0-1


[Site "https://www.chess.com"]

[Event "Titled Tuesday Blitz May 4 2021"]
[White "Maung, Maung Kyaw Zaw Hein"]
[Black "Efremov, Vladislav"]
[WhiteFideId "13001698"]
[BlackFideId "44159935"]
[WhiteElo "1785"]
[BlackElo "2022"]
[Result "1/2-1/2"]
[Round "02"]
[TimeControl "180+1"]
[Date "2021.05.04"]
[WhiteClock "0:01:27"]
[BlackClock "0:00:25"]

1. Nf3 Nf6 2. c4 e6 3. Nc3 d5 4. d4 Bb4 5. cxd5 exd5 6. Bg5 h6 7. Bxf6 Qxf6 8. e3 O-O 9. Bd3 c5 10. O-O Bxc3 11. bxc3 c4 12. Bc2 Bf5 13. Nd2 Nc6 14. e4 dxe4 15. Bxe4 Bxe4 16. Nxe4 Qg6 17. Qf3 b5 18. Rab1 b4 19. cxb4 Nxd4 20. Qe3 Rfe8 21. Qxd4 Qxe4 22. Qxe4 Rxe4 23. Rbc1 Rb8 24. a3 a5 25. f3 Rd4 26. bxa5 Ra8 27. Rc3 Rxa5 28. Rfc1 Ra4 1/2-1/2


[Site "https://www.chess.com"]

[Event "Titled Tuesday Blitz May 4 2021"]
[White "Mayaud, Raphael"]
[Black "Davtyan, David Arm."]
[WhiteFideId "627151"]
[BlackFideId "13310046"]
[WhiteElo "2191"]
[BlackElo "2028"]
[Result "0-1"]
[Round "02"]
[TimeControl "180+1"]
[Date "2021.05.04"]
[WhiteClock "0:00:01"]
[BlackClock "0:00:05"]

1. d4 Nf6 2. Bg5 d5 3. Bxf6 exf6 4. e3 Bd6 5. g3 c6 6. Bg2 O-O 7. Ne2 f5 8. O-O Nd7 9. Nd2 Nf6 10. c4 dxc4 11. Nxc4 Bc7 12. Nc3 Re8 13. d5 cxd5 14. Nxd5 Nxd5 15. Bxd5 Rb8 16. Qf3 b5 17. Na3 Qf6 18. Rac1 Be5 19. Bc6 Rf8 20. Nxb5 Bxb2 21. Rc2 Ba6 22. a4 Be5 23. Rfc1 g6 24. Kg2 Rb6 25. Bd5 Bxb5 26. axb5 Rxb5 27. Rc6 Qe7 28. Qe2 Rb2 29. R1c2 Rfb8 30. Rc8+ Rxc8 31. Rxc8+ Kg7 32. Qc4 Bf6 33. h4 Qxe3 34. Qf4 Qxf4 35. gxf4 Rd2 36. Bc4 Rd7 37. Bb3 Bxh4 38. Ra8 Bf6 39. Kf3 Bd4 40. Bc4 Bb6 41. Ke2 h5 42. Rc8 h4 43. Bb3 Kf6 44. Rc1 Rc7 45. Rh1 g5 46. fxg5+ Kxg5 47. Rg1+ Kf6 48. Rh1 Re7+ 49. Kf3 Re4 50. Bc2 Rb4 51. Rxh4 Rxh4 0-1


[Site "https://www.chess.com"]

[Event "Titled Tuesday Blitz May 4 2021"]
[White "Mchedlishvili, Mikheil"]
[Black "Rychkov, Oleg"]
[WhiteFideId "13600966"]
[BlackFideId "4122852"]
[WhiteElo "2618"]
[BlackElo "2493"]
[Result "1-0"]
[Round "02"]
[TimeControl "180+1"]
[Date "2021.05.04"]
[WhiteClock "0:00:48"]
[BlackClock "0:01:15"]

1. d4 Nf6 2. c4 e6 3. g3 d5 4. Nf3 dxc4 5. Bg2 a6 6. O-O Nc6 7. e3 Rb8 8. Nfd2 e5 9. Bxc6+ bxc6 10. dxe5 Ng4 11. Nxc4 Qd5 12. b3 h5 13. Bb2 h4 14. Nc3 Qe6 15. Qf3 Nxh2 16. Kxh2 hxg3+ 17. Kg1 Qh6 18. Qg2 Bh3 19. Qxg3 Bxf1 20. Kxf1 Rd8 21. Ke2 Qh5+ 22. Qf3 Qh2 23. Qxc6+ Rd7 24. Rd1 Qh5+ 25. Qf3 Qxf3+ 26. Kxf3 Rxd1 27. Nxd1 Rh1 28. Nc3 Bb4 29. Nd5 Be1 30. Nxc7+ Kd7 31. Nxa6 Rh2 32. Nc5+ Kc6 33. Nd3 Rh1 34. Ke2 1-0


[Site "https://www.chess.com"]

[Event "Titled Tuesday Blitz May 4 2021"]
[White "Mezentsev, Ivan"]
[Black "Winslow, Elliott"]
[WhiteFideId "13706195"]
[BlackFideId "2002523"]
[WhiteElo "2295"]
[BlackElo "2248"]
[Result "1-0"]
[Round "02"]
[TimeControl "180+1"]
[Date "2021.05.04"]
[WhiteClock "0:00:42"]
[BlackClock "0:01:24"]

1. d4 Nf6 2. Nf3 g6 3. Bf4 Bg7 4. e3 O-O 5. h3 d6 6. Be2 c5 7. c3 b6 8. O-O Bb7 9. a4 a6 10. Na3 Nbd7 11. Nd2 Qc7 12. Bf3 e5 13. dxe5 Nxe5 14. Bxe5 dxe5 15. Bxb7 Qxb7 16. Ndc4 Nd5 17. Qf3 Rfe8 18. Nd6 Qc6 19. Qxf7+ Kh8 20. Nxe8 Rxe8 21. Rfd1 Nf6 22. Nc4 e4 23. Nd6 Rf8 24. Qe6 Qc7 25. Nxe4 Nxe4 26. Qxe4 b5 27. axb5 axb5 28. Ra8 1-0


[Site "https://www.chess.com"]

[Event "Titled Tuesday Blitz May 4 2021"]
[White "Mikhalevski, Victor"]
[Black "Suarez Uriel, Adrian"]
[WhiteFideId "2801914"]
[BlackFideId "22230874"]
[WhiteElo "2567"]
[BlackElo "2299"]
[Result "1-0"]
[Round "02"]
[TimeControl "180+1"]
[Date "2021.05.04"]
[WhiteClock "0:00:10"]
[BlackClock "0:00:08"]

1. c4 b6 2. Nc3 Bb7 3. e4 c5 4. g3 Nc6 5. Bg2 g6 6. Nge2 Bg7 7. d3 d6 8. O-O Qd7 9. Be3 Nf6 10. h3 e5 11. f4 Nd4 12. g4 h6 13. Rb1 O-O-O 14. a3 h5 15. g5 Nh7 16. b4 exf4 17. Bxf4 Ne6 18. Qd2 Nxf4 19. Qxf4 Be5 20. Qd2 f6 21. gxf6 Nxf6 22. Nf4 Rhg8 23. bxc5 dxc5 24. Ncd5 Nxd5 25. exd5 g5 26. Ne6 g4 27. Qe2 gxh3 28. Qxe5 Rxg2+ 29. Kh1 Rdg8 30. Rbe1 h2 31. Qf4 Rg1+ 32. Kxh2 Rxf1 33. Rxf1 Qe7 34. Re1 Rg4 35. Qf8+ Qxf8 36. Nxf8 Kd8 37. Re5 Rd4 38. Ne6+ Kd7 39. Nxd4 cxd4 40. Rxh5 Kd6 41. Kg3 Kc5 42. Kf4 Ba6 43. Ke4 b5 44. d6+ Kxd6 45. cxb5 Bb7+ 46. Kxd4 Kc7 47. Rh6 Kb8 48. Kc5 Ka8 49. d4 Bc8 50. d5 Kb8 51. d6 a6 52. b6 a5 53. Rh7 a4 54. d7 Bb7 55. d8=Q+ Bc8 56. Qc7+ Ka8 57. Qa7# 1-0


[Site "https://www.chess.com"]

[Event "Titled Tuesday Blitz May 4 2021"]
[White "Mirzoev, Azer"]
[Black "Redzisz, Michal"]
[WhiteFideId "13400304"]
[BlackFideId "21816107"]
[WhiteElo "2525"]
[BlackElo "1866"]
[Result "1-0"]
[Round "02"]
[TimeControl "180+1"]
[Date "2021.05.04"]
[WhiteClock "0:00:36"]
[BlackClock "0:00:01"]

1. c4 Nf6 2. Nc3 e6 3. Nf3 d5 4. d4 c5 5. e3 Nc6 6. cxd5 Nxd5 7. Bb5 Bd7 8. O-O a6 9. Bd3 cxd4 10. exd4 Nxc3 11. bxc3 Be7 12. Re1 O-O 13. Qe2 Bf6 14. Qe4 g6 15. Bh6 Re8 16. h4 Ne7 17. Ne5 Nf5 18. Bg5 Bc6 19. Qf4 Rc8 20. Rad1 Kg7 21. Ng4 Bxg5 22. hxg5 Qc7 23. Ne5 h5 24. gxh6+ Nxh6 25. Qg5 Nf5 26. c4 Qe7 27. Qg4 Rh8 28. Nxg6 fxg6 29. Bxf5 1-0


[Site "https://www.chess.com"]

[Event "Titled Tuesday Blitz May 4 2021"]
[White "Mitra, Roman C"]
[Black "Ferguson, Randal"]
[WhiteFideId "419540"]
[BlackFideId "30903106"]
[WhiteElo "2174"]
[BlackElo "2138"]
[Result "1-0"]
[Round "02"]
[TimeControl "180+1"]
[Date "2021.05.04"]
[WhiteClock "0:02:23"]
[BlackClock "0:00:34"]

1. e4 c5 2. Nf3 d6 3. Bb5+ Nd7 4. O-O Nf6 5. Re1 e5 6. c3 Be7 7. d4 cxd4 8. cxd4 O-O 9. Nc3 a6 10. Bf1 b5 11. Nd5 Bb7 12. Nxe7+ Qxe7 13. d5 Rac8 14. Nh4 Nxd5 15. Nf5 Qf6 16. Nxd6 Qxd6 17. exd5 Qxd5 18. Qh5 Rfe8 19. Bg5 h6 20. Rad1 Qe6 21. Be3 Nf6 22. Qe2 Qf5 23. f3 Rc2 24. Rd2 Rec8 25. Red1 e4 26. Rxc2 exf3 27. Rxc8+ Bxc8 28. gxf3 Bb7 29. Rd8+ Kh7 30. Qd3 Ne4 31. fxe4 Bxe4 32. Qd2 Qg4+ 33. Bg2 f5 34. h3 Qg6 35. Rd6 Qg3 36. Bf4 Qh4 37. Bxe4 fxe4 38. Qg2 Qe1+ 39. Kh2 1-0


[Site "https://www.chess.com"]

[Event "Titled Tuesday Blitz May 4 2021"]
[White "Mohammad Fahad, Rahman"]
[Black "Senthil Maran K"]
[WhiteFideId "10207791"]
[BlackFideId "25035681"]
[WhiteElo "2308"]
[BlackElo "2194"]
[Result "1-0"]
[Round "02"]
[TimeControl "180+1"]
[Date "2021.05.04"]
[WhiteClock "0:00:15"]
[BlackClock "0:00:04"]

1. e4 c6 2. d4 d5 3. e5 Bf5 4. h4 h5 5. Bg5 Qa5+ 6. Nd2 e6 7. Nf3 Nd7 8. a3 c5 9. dxc5 Qxc5 10. c3 Ne7 11. Nb3 Qc7 12. Nbd4 Nxe5 13. Bf4 Nxf3+ 14. Qxf3 e5 15. Nxf5 exf4 16. Bb5+ Kd8 17. Nxe7 Qxe7+ 18. Kf1 Kc7 19. Qxd5 Rd8 20. Qb3 Kb8 21. Re1 Qc7 22. Rh3 Bc5 23. Bc4 Rhf8 24. Bd5 Bb6 25. c4 Qc5 26. Rf3 f6 27. Qd1 g5 28. b4 Qd4 29. Qxd4 Bxd4 30. Re7 b6 31. Rb7+ Kc8 32. Rxa7 Rfe8 33. Rd3 Be5 34. Rh7 g4 35. Rxh5 Bc7 36. a4 Re5 37. Rxe5 Bxe5 38. Be6+ Kc7 39. Rxd8 Kxd8 40. Bxg4 Bc3 41. c5 Bxb4 42. cxb6 Ba5 43. b7 Kc7 44. Bf3 Bb4 45. h5 Bf8 46. a5 Kb8 47. a6 f5 48. Be2 Bh6 49. Bb5 Ka7 50. Ke2 f3+ 51. Kxf3 Bg5 52. g4 Bh6 53. gxf5 Bg5 54. Ke4 Bf6 55. Kd5 Kb8 56. Ke6 1-0


[Site "https://www.chess.com"]

[Event "Titled Tuesday Blitz May 4 2021"]
[White "Mohandesi, Shahin"]
[Black "Shapkin, Anatoliy"]
[WhiteFideId "12501247"]
[BlackFideId "34108332"]
[WhiteElo "1993"]
[BlackElo "2221"]
[Result "0-1"]
[Round "02"]
[TimeControl "180+1"]
[Date "2021.05.04"]
[WhiteClock "0:00:05"]
[BlackClock "0:00:08"]

1. d4 Nf6 2. c4 g6 3. Nf3 Bg7 4. g3 c5 5. Bg2 cxd4 6. Nxd4 O-O 7. O-O Nc6 8. Nc3 Qa5 9. e3 d6 10. Nxc6 bxc6 11. Bxc6 Rb8 12. Bg2 Bb7 13. Nd5 Nxd5 14. cxd5 Ba6 15. Re1 Bxb2 16. Bxb2 Rxb2 17. Qd4 Rxa2 18. Rec1 Rc8 19. Rcb1 Be2 20. Rxa2 Qxa2 21. Ra1 Qc4 22. Qxa7 Rc7 23. Qb8+ Kg7 24. Qb2+ Qc3 25. Qxc3+ Rxc3 26. Re1 Bc4 27. e4 Kf6 28. f4 g5 29. e5+ Kf5 30. Be4+ Kg4 31. exd6 exd6 32. fxg5 Kxg5 33. Bxh7 Bxd5 34. Be4 Be6 35. Kg2 d5 36. Bf3 d4 37. Re2 d3 38. h4+ Kf6 39. Rd2 Rc2 40. Rf2 Ke5 41. Bd1 Bh3+ 42. Kg1 Rc1 43. Rd2 Bg4 44. Rxd3 Rxd1+ 45. Rxd1 Bxd1 46. Kf2 Ke4 47. Kg2 Bg4 48. Kf2 f6 49. Ke1 Kf3 0-1


[Site "https://www.chess.com"]

[Event "Titled Tuesday Blitz May 4 2021"]
[White "Molchanov, Alexander"]
[Black "Iniyan, P"]
[WhiteFideId "24177687"]
[BlackFideId "25002767"]
[WhiteElo "2526"]
[BlackElo "2400"]
[Result "0-1"]
[Round "02"]
[TimeControl "180+1"]
[Date "2021.05.04"]
[WhiteClock "0:00:01"]
[BlackClock "0:00:10"]

1. d4 Nf6 2. Nf3 e6 3. c4 b6 4. g3 Ba6 5. Qc2 Bb7 6. Bg2 c5 7. O-O cxd4 8. Nxd4 Bxg2 9. Kxg2 Be7 10. Nc3 O-O 11. Rd1 a6 12. Qd3 Qc7 13. b3 Nc6 14. Nxc6 dxc6 15. Bb2 c5 16. Qf3 Rad8 17. Ne4 Ne8 18. Rxd8 Qxd8 19. e3 f5 20. Nc3 Nf6 21. Rd1 Qc8 22. Na4 Qc7 23. Qf4 Qc6+ 24. Qf3 Qc7 25. Qf4 Qc6+ 26. Qf3 Ne4 27. Be5 g5 28. Kg1 g4 29. Qg2 Rc8 30. h4 gxh3 31. Qxh3 Ng5 32. Qh6 Nf3+ 33. Kf1 Nxe5 34. Qf4 Ng6 35. Qh6 Qf3 36. Rd7 Rd8 37. Nxb6 Rxd7 38. Nxd7 Qc6 39. Nb8 Qb7 40. Nxa6 Qxa6 41. g4 fxg4 42. Qh5 Qxa2 43. Qxg4 Qb1+ 44. Kg2 Qf5 45. Qd1 Kf7 46. Qd7 Nh4+ 47. Kf1 Qb1+ 48. Ke2 Qxb3 0-1


[Site "https://www.chess.com"]

[Event "Titled Tuesday Blitz May 4 2021"]
[White "Morris-Suzuki, Sophie"]
[Black "Gandhi, Shyam"]
[WhiteFideId "30922615"]
[BlackFideId "2052008"]
[WhiteElo "2391"]
[BlackElo "1951"]
[Result "1-0"]
[Round "02"]
[TimeControl "180+1"]
[Date "2021.05.04"]
[WhiteClock "0:01:16"]
[BlackClock "0:01:09"]

1. c4 e5 2. Nc3 g6 3. Nf3 Bg7 4. g3 Nf6 5. Bg2 d5 6. cxd5 Nxd5 7. O-O O-O 8. a3 Nc6 9. d3 Nxc3 10. bxc3 e4 11. dxe4 Bxc3 12. Rb1 Bg4 13. Rxb7 Bxf3 14. Bxf3 Qf6 15. Rxc7 Ba5 16. Rxc6 Qxc6 17. e5 Qc3 18. Bxa8 Rxa8 19. Qd5 Rd8 20. Qb5 Bb6 21. Bg5 Rc8 22. Rc1 Qxc1+ 23. Bxc1 Rxc1+ 24. Kg2 Rc5 25. Qe8+ Kg7 26. e6 fxe6 27. Qxe6 Ra5 28. h4 Rf5 29. e3 Rf7 30. a4 Rf6 31. Qe5 Kf7 32. a5 Bd8 33. Qd5+ Ke7 34. Qb7+ Kf8 35. Qxa7 Rf7 36. Qc5+ Kg7 37. a6 Rf5 38. Qd4+ Bf6 39. Qd7+ Kh6 40. Qxf5 1-0


[Site "https://www.chess.com"]

[Event "Titled Tuesday Blitz May 4 2021"]
[White "Moultino06"]
[Black "Janaszak, Dawid"]
[BlackFideId "1119206"]
[WhiteElo "2678"]
[BlackElo "2332"]
[Result "1/2-1/2"]
[Round "02"]
[TimeControl "180+1"]
[Date "2021.05.04"]
[WhiteClock "0:00:06"]
[BlackClock "0:00:06"]

1. e4 c6 2. d4 d5 3. e5 c5 4. dxc5 e6 5. a3 Nc6 6. Nf3 a5 7. Be3 Nge7 8. Bb5 Nf5 9. Bd4 Be7 10. O-O O-O 11. c3 Bd7 12. Bxc6 Bxc6 13. b4 f6 14. Nbd2 Qe8 15. Re1 Ba4 16. Qe2 Bb5 17. c4 dxc4 18. exf6 Bxf6 19. Bxf6 Rxf6 20. Nxc4 axb4 21. axb4 Rxa1 22. Rxa1 e5 23. Qxe5 Re6 24. Qxf5 Bxc4 25. h3 g6 26. Qf4 Bd5 27. Ng5 Re5 28. Kh2 Rf5 29. Qg3 Qe7 30. Ra8+ Kg7 31. h4 h6 32. Qc3+ Qe5+ 33. Qxe5+ Rxe5 34. Nh3 Re4 35. b5 Rxh4 36. Rd8 Be6 37. Rd6 Bf5 38. Rb6 Be4 39. c6 bxc6 40. bxc6 Bd5 41. c7 Rc4 42. Nf4 Bf7 43. Rb7 Kf6 44. Rb6+ Kg7 45. Rb7 Kf6 46. Nd3 Be6 47. Nb4 Rc5 48. Na6 Rh5+ 49. Kg1 Ra5 50. Rb6 Ra1+ 51. Kh2 Rc1 52. Rd6 Ke7 53. Rd8 Bd7 54. g3 Rxc7 55. Nxc7 Kxd8 56. Nd5 Be6 57. Nf4 Bf7 58. g4 Ke7 59. Kg3 Kf6 60. Nd3 Bc4 61. Ne1 Bd5 62. f4 h5 63. g5+ Kf5 64. Nc2 Ke4 65. Nb4 Be6 66. Nc6 h4+ 67. Kxh4 Kxf4 68. Ne7 Bf7 69. Nc6 Bd5 70. Nd4 Ke4 71. Nc2 Ke5 72. Kg4 Be4 73. Ne3 Bf5+ 74. Kh4 Kf4 75. Nd5+ Ke5 76. Nf6 Kf4 77. Nh7 Ke5 78. Nf8 Kf4 79. Nh7 Ke5 80. Nf6 Kf4 81. Ne8 Ke5 82. Nc7 Kf4 83. Nb5 Ke5 84. Nc3 Kd4 85. Nd1 Ke5 86. Kg3 Ke4 87. Nf2+ Ke5 88. Nd1 Kd4 89. Nb2 Ke5 90. Nc4+ Ke6 91. Kf4 Kd5 92. Ne5 Ke6 93. Nf3 Kd5 94. Nh4 Bb1 95. Ng2 Ke6 96. Ne3 Kf7 97. Ke5 Bd3 98. Nd5 Bb1 99. Nc7 Bc2 100. Nb5 Bb1 101. Nd6+ Kg7 102. Ke6 Ba2+ 103. Ke7 Bb1 104. Ne8+ Kg8 105. Kf6 Kf8 106. Nc7 Kg8 107. Ne6 Bc2 108. Nf4 Kh7 109. Kf7 Bf5 110. Nd5 Bd3 111. Kf8 Bb1 112. Nf6+ Kh8 113. Ng4 Kh7 114. Kf7 Bc2 115. Kf6 Bb1 116. Ne5 Bc2 117. Nd7 Bb1 1/2-1/2


[Site "https://www.chess.com"]

[Event "Titled Tuesday Blitz May 4 2021"]
[White "Mustafayev, Farid"]
[Black "Mitrabha, Guha"]
[WhiteFideId "13408771"]
[BlackFideId "5057000"]
[WhiteElo "2097"]
[BlackElo "2334"]
[Result "1-0"]
[Round "02"]
[TimeControl "180+1"]
[Date "2021.05.04"]
[WhiteClock "0:00:45"]
[BlackClock "0:00:12"]

1. d4 Nf6 2. c4 c5 3. Nf3 cxd4 4. Nxd4 e5 5. Nb3 d5 6. cxd5 Qxd5 7. Qc2 Nc6 8. Nc3 Qd8 9. e3 g6 10. Bc4 Bg7 11. O-O O-O 12. Rd1 Qe7 13. a3 Bg4 14. f3 Bd7 15. e4 Rac8 16. Qf2 a6 17. Bg5 Nd4 18. Nxd4 Rxc4 19. Nd5 Qd8 20. Bxf6 Bxf6 21. Nb3 Be7 22. Nb6 Rc7 23. Rac1 Rxc1 24. Nxc1 Qc7 25. Nxd7 Rd8 26. Qd2 Kg7 27. Ne2 Bc5+ 28. Kh1 f6 29. h4 Bd4 30. Nxd4 1-0


[Site "https://www.chess.com"]

[Event "Titled Tuesday Blitz May 4 2021"]
[White "Myers, Dominique"]
[Black "Wisniowski, Natalie"]
[WhiteFideId "2041715"]
[BlackFideId "30929261"]
[WhiteElo "1986"]
[BlackElo "1702"]
[Result "0-1"]
[Round "02"]
[TimeControl "180+1"]
[Date "2021.05.04"]
[WhiteClock "0:00:39"]
[BlackClock "0:00:04"]

1. e4 c5 2. Nf3 d6 3. d4 cxd4 4. Nxd4 Nf6 5. Nc3 a6 6. h3 e5 7. Nde2 Be6 8. g4 Nc6 9. Bg2 Rc8 10. O-O Be7 11. a4 O-O 12. Nd5 Bxd5 13. exd5 Nb8 14. Ng3 Qc7 15. c3 Nbd7 16. g5 Ne8 17. Nf5 Bd8 18. a5 g6 19. Nh6+ Kh8 20. Be3 Ng7 21. Be4 Nc5 22. Bc2 f5 23. f4 e4 24. Bd4 Qe7 25. Qe2 Nd7 26. Rae1 Bc7 27. h4 Bxa5 28. h5 gxh5 29. Qxh5 Bb6 30. Qh3 Bxd4+ 31. cxd4 Rxc2 32. Re3 Rxb2 33. g6 Ne8 34. Nxf5 Rxf5 35. Qxf5 Qg7 36. Rh3 h6 37. Kh1 Nef6 38. Qg5 Rb4 39. Rxh6+ Kg8 40. Rc1 Nf8 41. Qh4 Rxd4 42. Rc8 Qe7 43. Rh8+ Kg7 44. Qh7+ N6xh7 45. Rxh7+ Nxh7 46. gxh7 Kxh7 47. Rc3 Qg7 48. Rh3+ Kg8 49. Kh2 Rd2+ 50. Kh1 Qg2# 0-1


[Site "https://www.chess.com"]

[Event "Titled Tuesday Blitz May 4 2021"]
[White "Najdin, Danil"]
[Black "Dudzinski, Pawel"]
[WhiteFideId "4172426"]
[BlackFideId "1117890"]
[WhiteElo "2193"]
[BlackElo "2193"]
[Result "0-1"]
[Round "02"]
[TimeControl "180+1"]
[Date "2021.05.04"]
[WhiteClock "0:00:11"]
[BlackClock "0:00:08"]

1. e4 c6 2. d4 d5 3. exd5 cxd5 4. Bd3 Nf6 5. c3 Nc6 6. Bf4 g6 7. Nd2 Bf5 8. Bxf5 gxf5 9. Ngf3 e6 10. Ne5 Nxe5 11. Bxe5 Bd6 12. Qa4+ Ke7 13. Nf3 Rg8 14. O-O Ng4 15. Rfe1 Nxe5 16. dxe5 Bc5 17. Qh4+ Kd7 18. Qxh7 Qe7 19. Qh4 Qxh4 20. Nxh4 Rg4 21. Nf3 Rag8 22. g3 f4 23. Kg2 fxg3 24. fxg3 b5 25. Rf1 Ke7 26. Ne1 Re4 27. Nd3 Re2+ 28. Kf3 Re3+ 29. Kg2 Rxd3 30. Rad1 Rxd1 31. Rxd1 f6 32. exf6+ Kxf6 33. Rf1+ Ke7 34. h4 Bd6 35. Rf3 e5 36. Kh3 e4 37. Re3 Ke6 38. g4 Ke5 39. Re2 Bc5 40. Kg3 e3 41. h5 Ke4 42. Re1 d4 43. cxd4 Bxd4 44. h6 Rg6 45. Rh1 e2 46. h7 Kd3 47. Kf4 Kd2 48. g5 e1=Q 49. Rxe1 Kxe1 50. Kf5 Rc6 51. g6 Bxb2 0-1


[Site "https://www.chess.com"]